AoeStats
← felipecmtz

Arabia

504622203Analyzed
4v4 RM · 27d ago on Sep 6, 2026· 11m 38s· 8 players
Game mode
Random Map
Map size
Large (8 player)
Population
200
Speed
Normal
Resources
Standard
Victory
Conquest
Starting age
Dark Age
Ending age
Imperial Age
RankedLock teamsTeams togetherTeam positionsShared explorationLock speedFull tech treeHidden civsTurbo modeCheats
Victory
Defeat
🇨🇱 Mongols · Chile
893
+19
🇦🇷 Ethiopians · Argentina
890
+17
🇨🇱 Georgians · Chile
864
+18
🇲🇽 Persians · Mexico
838
+19
🇧🇷 Persians · Brazil
962
-21
🇳🇿 Italians · New Zealand
904
-17
🇧🇷 Franks · Brazil
875
-16
🇨🇳 Burgundians · China
862
-16
felipecmtz
10:14 Feudal Age
NESTORK
0:51 Loom
12:26 Feudal Age
SSC LyonM
albe.nuneza
2:02 Loom
10:36 Feudal Age
guilherhand
0:54 Loom
12:21 Feudal Age
Bredark
0:45 Loom
11:29 Feudal Age
funnyprofilename
9:08 Loom
11:10 Feudal Age
Antonio
Connection lost

Rejoining the realm…

Still unreachable

The connection could not be restored.

Session expired

The server has moved on; the page needs a fresh start.